 Dungeon Crawl Stone Soup version 0.28-a0-1235-g7c8fac35f0 (webtiles) character file.

Game seed: 16298976842054706189

2144 r3xj the Cleaver (level 9, -6/83 HPs)
             Began as a Minotaur Monk on Dec 24, 2021.
             Mangled by a six-headed hydra (7 damage)
             ... on level 7 of the Dungeon.
             The game lasted 00:11:18 (7804 turns).

r3xj the Cleaver (Minotaur Monk)                    Turns: 7804, Time: 00:11:18

Health: -6/83      AC: 12    Str: 19    XL:     9   Next: 9%
Magic:  8/8        EV: 21    Int:  7    God:
Gold:   428        SH:  0    Dex: 14    Spells: 8/8 levels left

rFire   . . .      SeeInvis .   e - +2 hand axe (flame)
rCold   . . .      Faith    .   (no shield)
rNeg    . . .      Spirit   .   y - +0 plate armour
rPois   +          Reflect  .   (helmet restricted)
rElec   .          Harm     .   l - +0 cloak
rCorr   .          Rampage  .   (no gloves)
Will    .....                   f - +0 pair of boots
Stlth   ..........              r - amulet of the acrobat
HPRegen 0.23/turn               m - ring of poison resistance
MPRegen 0.11/turn               (no ring)

@: acrobatic
A: horns 2, retaliatory headbutt
a: no special abilities


You were on level 7 of the Dungeon.
You visited 1 branch of the dungeon, and saw 7 of its levels.

You collected 428 gold pieces.

Inventory:

Hand Weapons
 a - a +0 mace
 e - a +2 hand axe of flaming (weapon)
 g - a +0 spear of venom
Missiles
 q - 2 poisoned darts (quivered)
 t - a throwing net
Armour
 f - a +0 pair of boots (worn)
 i - a +1 scale mail of poison resistance
 l - a +0 cloak (worn)
 y - a +0 plate armour (worn)
Jewellery
 m - a ring of poison resistance (left hand)
 r - an amulet of the acrobat (around neck)
 D - an amulet of faith
Wands
 x - a wand of digging (5)
 C - a wand of acid (10)
 F - a wand of polymorph (7)
 G - a wand of iceblast (10)
Scrolls
 b - 2 scrolls of enchant weapon {unknown}
 c - 2 scrolls of enchant armour {unknown}
 h - 6 scrolls of identify {unknown}
 k - 2 scrolls of summoning {unknown}
 n - 2 scrolls of magic mapping {unknown}
 o - a scroll of fear {unknown}
 p - a scroll of vulnerability {unknown}
 s - a scroll of blinking {unknown}
 v - a scroll of immolation {unknown}
 w - a scroll of fog {unknown}
 B - 2 scrolls of teleportation {unknown}
 E - a scroll of brand weapon {unknown}
Potions
 d - 3 potions of flight {unknown}
 j - 3 potions of curing {unknown}
 u - 2 potions of resistance {unknown}
 z - a potion of mutation {unknown}
 A - a potion of attraction {unknown}


   Skills:
 + Level 9.0 Fighting
 * Level 11.2(11.5) Axes
 - Level 4.0(8.2) Maces & Flails
 - Level 4.0 Dodging
 - Level 2.1 Stealth


You had 8 spell levels left.
You didn't know any spells.
Your spell library contained the following spells:

 Spells                   Type           Power      Damage    Failure   Level
 Magic Dart               Conj           0%         1d3       100%        1
 Sting                    Tmut/Pois      0%         1d3       100%        1
 Call Imp                 Summ           0%         N/A       100%        2
 Ensorcelled Hibernation  Hex/Ice        0%         N/A       100%        2
 Poisonous Vapours        Pois/Air       0%         N/A       100%        2
 Dazzling Flash           Conj/Hex       0%         N/A       100%        3
 Mephitic Cloud           Conj/Pois/Air  0%         N/A       100%        3
 Tukima's Dance           Hex            0%         N/A       100%        3
 Olgreb's Toxic Radiance  Pois           0%         N/A       100%        4
 Agony                    Necr           0%         N/A       100%        5
 Silence                  Hex/Air        0%         N/A       100%        5


Dungeon Overview and Level Annotations

Branches:
Dungeon (7/15)
 Temple: D:4-7

Altars:
Cheibriados
Kikubaaqudgha
Wu Jian

Shops:
D:4 :


Innate Abilities, Weirdness & Mutations

You have a pair of horns on your head.
You reflexively headbutt those who attack you in melee.


Message History

The seven-headed hydra bites you.
The seven-headed hydra barely misses you.
You climb downwards.
There is a stone staircase leading up here.
An orc wizard comes into view. It is wielding a +0 dagger.
The seven-headed hydra bites you but does no damage.
The seven-headed hydra barely misses you.
The seven-headed hydra bites you.
The seven-headed hydra bites you but does no damage.
The seven-headed hydra completely misses you.
The seven-headed hydra misses you. x2
There is a stone staircase leading up here.
You climb upwards.
There is a stone staircase leading down here.
You start resting.
HP restored.
You climb downwards.
The seven-headed hydra bites you!
The seven-headed hydra bites you but does no damage. x2
The seven-headed hydra bites you! The seven-headed hydra bites you. x3
The seven-headed hydra bites you but does no damage. x2
The seven-headed hydra bites you. x2
The seven-headed hydra bites you but does no damage.
The seven-headed hydra bites you. x2
There is a stone staircase leading up, spattered with blood here.
You slice one of the seven-headed hydra's heads off!
The flame cauterises the wound!
You slash the six-headed hydra! You burn the six-headed hydra.
The six-headed hydra is lightly wounded.
You barely miss the six-headed hydra.
The six-headed hydra is lightly wounded.
The six-headed hydra bites you but does no damage.
The six-headed hydra bites you! The six-headed hydra barely misses you.
The six-headed hydra bites you. The six-headed hydra bites you!
* * * LOW HITPOINT WARNING * * *
The six-headed hydra bites you!
* * * LOW HITPOINT WARNING * * *
The six-headed hydra bites you!
* * * LOW HITPOINT WARNING * * *
The six-headed hydra misses you. The six-headed hydra bites you!
You die...

.#.# #.##.# ##.#######
#.##.#
##.......########.##.#
.........'..........^#
###......########.####
.........# #.#
.........# #.#
.........########D#
................@<#
################### #
# # # # # #


You could see a six-headed hydra.

Vanquished Creatures
  Joseph (D:7)
  2 water moccasins
  Duvessa (D:6)
  2 orc warriors
  3 ogres
  2 centaurs (D:7)
  A kobold brigand (D:7)
  The ghost of awesomeguy42 the Grave Robber, an amateur HuNe (D:4)
  A scorpion (D:5)
  Dowan (D:6)
  A howler monkey (D:4)
  3 hounds
  A centaur zombie (D:5)
  2 jellies
  An orc priest (D:6)
  A centaur skeleton (D:5)
  3 orc wizards (D:6)
  Terence (D:2)
  2 iguanas (D:5)
  A hound skeleton (D:5)
  A howler monkey zombie (D:5)
  A howler monkey skeleton (D:5)
  7 adders
  4 gnolls (D:5)
  A shadow imp (D:5)
  An ufetubus (D:5)
  An adder skeleton (D:4)
  5 dart slugs
  17 orcs
  7 ball pythons
  6 endoplasms
  A giant cockroach (D:1)
  6 goblins
  10 hobgoblins
  7 jackals
  12 kobolds
  3 quokkas
  4 bats
  2 frilled lizards
  5 rats
132 creatures vanquished.

Notes
Turn   | Place    | Note
-------+----------+-------------------------------------------
     0 | D:1      | r3xj the Minotaur Monk began the quest for the Orb.
     0 | D:1      | Reached XP level 1. HP: 19/19 MP: 0/0
   162 | D:1      | Reached XP level 2. HP: 27/27 MP: 1/1
   431 | D:1      | Reached XP level 3. HP: 30/33 MP: 2/2
  1148 | D:2      | Reached skill level 1 in Axes
  1372 | D:2      | Noticed Terence
  1378 | D:2      | Killed Terence
  1379 | D:2      | Reached skill level 2 in Axes
  1379 | D:2      | Reached XP level 4. HP: 41/41 MP: 3/3
  1884 | D:3      | Reached skill level 3 in Axes
  2454 | D:4      | Found a large runed translucent door.
  2454 | D:4      | Found a large runed translucent door.
  2458 | D:4      | Noticed awesomeguy42's ghost (amateur HuNe)
  2471 | D:4      | Reached XP level 5. HP: 44/47 MP: 4/4
  2561 | D:4      | Found Zoxzes's Book Shoppe.
  2569 | D:4      | Reached skill level 5 in Fighting
  2629 | D:4      | Reached skill level 4 in Axes
  3408 | D:4      | Killed awesomeguy42's ghost
  3409 | D:4      | Reached skill level 5 in Axes
  3409 | D:4      | Reached XP level 6. HP: 10/56 MP: 5/5
  3740 | D:5      | Entered Level 5 of the Dungeon
  3983 | D:5      | Reached skill level 6 in Axes
  4133 | D:5      | Reached XP level 7. HP: 62/63 MP: 6/6
  4412 | D:5      | Found an ancient bone altar of Kikubaaqudgha.
  4459 | D:5      | Reached skill level 7 in Axes
  4599 | D:5      | Identified the +2 robe of Responsibility {Dex+4}
  5281 | D:5      | Reached skill level 8 in Axes
  5640 | D:6      | Found an ornate altar of the Wu Jian Council.
  5649 | D:6      | Noticed Duvessa
  5649 | D:6      | Noticed Dowan
  5668 | D:6      | Killed Duvessa
  5669 | D:6      | Reached XP level 8. HP: 64/73 MP: 7/7
  5672 | D:6      | Killed Dowan
  5754 | D:6      | Reached skill level 9 in Axes
  6886 | D:7      | Reached skill level 10 in Axes
  7122 | D:7      | Noticed Joseph
  7132 | D:7      | Killed Joseph
  7362 | D:7      | Reached XP level 9. HP: 82/82 MP: 8/8
  7371 | D:7      | Found a snail-covered altar of Cheibriados.
  7381 | D:7      | Reached skill level 11 in Axes
  7544 | D:7      | Noticed a seven-headed hydra
  7628 | D:6      | Noticed a rust devil
  7628 | D:6      | Noticed a rust devil
  7804 | D:7      | HP: 1/83 [six-headed hydra (13)]
  7804 | D:7      | Mangled by a six-headed hydra

Illustrated notes

Levels and vault maps discovered:
D:1:      dpeg_arrival_chambers_temple_mockup, layout_rooms
D:2:      layout_basic, serial_park_tiny_1, uniq_terence
D:3:      layout_basic, minivault_24, nicolae_figureground_pulse
D:4:      layout_basic, serial_shops, shop_statue, ebering_ghost_disaster_area,
          minmay_cut_off
D:5:      layout_basic, mainiacjoe_overflow_chevrons
D:6:      cheibrodos_iron_armory, layout_gridville, nzn_wu_jian_council_hall,
          uniq_duvessa
D:7:      layout_basic, general_overflow_altar,
          minmay_temple_entry_antechambers, uniq_joseph

Skill      XL: |  1  2  3  4  5  6  7  8  9 |
---------------+----------------------------+-----
Stealth        | 2 |  2.1
Fighting       | 4 5 6 7 8 9 |  9.0
Maces & Flails | 4 |  4.0
Axes           | 2 3 5 6 8 10 11 | 11.2
Dodging        | 4 |  4.0

Action                   |  1- 3 |  4- 6 |  7- 9 || total
-------------------------+-------+-------+-------++-------
Melee: Mace              |    47 |       |       ||    47
       Headbutt          |    11 |    21 |    28 ||    60
       Hand axe          |    18 |   122 |   161 ||   301
 Stab: Sleeping          |     7 |       |       ||     7
Armor: Robe              |    12 |       |       ||    12
       Scale mail        |       |    42 |    35 ||    77
       Plate armour      |       |       |    36 ||    36
Dodge: Dodged            |    44 |    52 |    92 ||   188

Table legend: (Time is in decaauts)
 A = Elapsed time spent in this place.
 B = Non-inter-level travel time spent in this place.
 C = Inter-level travel time spent in this place.
 D = Time resting spent in this place.
 E = Time spent auto-exploring this place.
 F = Levels seen in this place.
 G = Mean time per level.
                   A        B        C        D        E       F      G
               +--------+--------+--------+--------+--------+-----+--------+
         Total |   7799 |   7393 |    406 |    500 |   5880 |   7 | 1114.1 |
       Dungeon |   7799 |   7393 |    406 |    500 |   5880 |   7 | 1114.1 |
               +--------+--------+--------+--------+--------+-----+--------+

Top non-repeatable levels by time:
     D:5: 1713 daAuts
     D:6: 1422 daAuts
     D:4: 1307 daAuts
     D:2: 1018 daAuts
     D:7: 905 daAuts
     D:1: 818 daAuts
     D:3: 613 daAuts
